 Dungeon Crawl Stone Soup version 0.29-a0-330-g52719c12eb (webtiles) character file.

Game seed: 11725933881849811646

4025 funkygono the Arsonist (level 10, -4/52 HPs)
             Began as a Gargoyle Fire Elementalist on Apr 15, 2022.
             Slain by a boulder beetle (56 damage)
             ... on level 7 of the Dungeon.
             The game lasted 00:12:48 (8222 turns).

funkygono the Arsonist (Gargoyle Fire Elementalist) Turns: 8222, Time: 00:12:49

Health: -4/52      AC: 12    Str: 12    XL:     10   Next: 24%
Magic:  24/32      EV: 12    Int: 20    God:
Gold:   439        SH:  0    Dex: 10    Spells: 17/27 levels left

rFire   . . .      SeeInvis .   i - +1 mace (vorpal)
rCold   . . .      Faith    .   (no shield)
rNeg    + . .      Spirit   .   a - +0 robe
rPois   ∞          Reflect  .   (no helmet)
rElec   +          Harm     .   v - +0 cloak
rCorr   .          Rampage  .   (no gloves)
Will    .....                   o - +1 pair of boots
Stlth   ++........              n - amulet of regeneration
HPRegen 0.97/turn               e - ring of magical power
MPRegen 0.23/turn               (no ring)

@: no status effects
A: sickness immunity, AC +7, negative energy resistance 1, electricity
resistance, torment resistance 1, petrification resistance
a: no special abilities


You were on level 7 of the Dungeon.
You visited 2 branches of the dungeon, and saw 8 of its levels.

You collected 439 gold pieces.

Inventory:

Hand Weapons
 c - a +0 whip
 i - a +1 vorpal mace (weapon)
 q - a +2 whip of distortion
 u - a +4 quarterstaff of chaos
Missiles
 h - 240 stones
 m - 2 throwing nets
Armour
 a - a +0 robe (worn)
 j - a +1 scale mail of cold resistance
 o - a +1 pair of boots (worn)
 v - a +0 cloak (worn)
Magical Staves
 D - a staff of cold
Jewellery
 e - a ring of magical power (left hand)
 n - an amulet of regeneration (around neck)
 z - a ring of flight
 B - an amulet of the acrobat
Scrolls
 d - 3 scrolls of holy word
 f - 4 scrolls of teleportation
 l - 5 scrolls of fear
 w - a scroll of enchant weapon {unknown}
 y - a scroll of identify
 C - 2 scrolls of summoning
Potions
 b - 2 potions of magic
 g - 2 potions of curing
 k - 3 potions of attraction
 p - 3 potions of heal wounds
 r - a potion of flight
 s - a potion of brilliance
 t - a potion of mutation
 x - a potion of resistance {unknown}
 A - 2 potions of haste
 E - a potion of berserk rage {unknown}


   Skills:
 + Level 1.3 Fighting
 + Level 2.1 Dodging
 - Level 2.1 Stealth
 * Level 9.0 Spellcasting
 * Level 6.7 Conjurations
 * Level 9.3 Fire Magic


You had 17 spell levels left.
You knew the following spells:

 Your Spells              Type           Power      Damage    Failure   Level
a - Foxfire               Conj/Fire      100%       2x1d9     1%          1
b - Scorch                Fire           92%        2d10      1%          2
c - Conjure Flame         Conj/Fire      41%        6-21      1%          3
d - Flame Wave            Conj/Fire      41%        2d9       2%          4

Your spell library contained the following spells:

 Spells                   Type           Power      Damage    Failure   Level
 Inner Flame              Hex/Fire       27%        N/A       3%          3
 Animate Skeleton         Necr           18%        N/A       8%          1
 Apportation              Tloc           18%        N/A       8%          1
 Pain                     Necr           36%        1d5       8%          1
 Summon Small Mammal      Summ           36%        N/A       8%          1
 Vampiric Draining        Necr           9%         2d6       22%         3
 Irradiate                Conj/Tmut      11%        3d17      47%         5
 Blade Hands              Tmut           4%         N/A       91%         5
 Dragon Form              Tmut           4%         N/A       100%        7


Dungeon Overview and Level Annotations

Branches:
Dungeon (7/15)             Temple (1/1) D:4

Altars:
Ashenzari
Cheibriados
Dithmenos
Elyvilon
Fedhas
Kikubaaqudgha
Makhleb
Nemelex Xobeh
Qazlal
Ru
Sif Muna
Trog
Uskayaw
Vehumet
Wu Jian
Xom
Yredelemnul
The Shining One

Shops:
D:5 (


Innate Abilities, Weirdness & Mutations

You are immune to sickness and miasma.
Your stone body is resilient. (AC +7)
You are immune to poison.
You resist negative energy. (rN+)
You are resistant to electric shocks. (rElec)
You are resistant to unholy torment.
You are immune to petrification.


Message History

The foxfire hits the boulder beetle but does no damage.
Unknown command.
Casting: Scorch (safe; 1% risk of failure)
Confirm with . or Enter, or press ? or * to list all spells.
You conjure some foxfire!
Casting: Foxfire (safe; 1% risk of failure)
Confirm with . or Enter, or press ? or * to list all spells.
You conjure some foxfire!
The foxfire hits the boulder beetle but does no damage.
Your foxfire dissipates!
The foxfire hits the boulder beetle but does no damage.
Casting: Foxfire (safe; 1% risk of failure)
Confirm with . or Enter, or press ? or * to list all spells.
You conjure some foxfire!
Casting: Foxfire (safe; 1% risk of failure)
Confirm with . or Enter, or press ? or * to list all spells.
You conjure some foxfire!
The foxfire hits the boulder beetle but does no damage. x2
The boulder beetle curls into a ball and begins rolling!
Unknown command.
Casting: Foxfire (safe; 1% risk of failure)
Confirm with . or Enter, or press ? or * to list all spells.
You can't see any susceptible monsters within range! (Use Z to cast anyway.) Unknown command.
Casting: Foxfire (safe; 1% risk of failure)
Confirm with . or Enter, or press ? or * to list all spells.
You conjure some foxfire!
Casting: Foxfire (safe; 1% risk of failure)
Confirm with . or Enter, or press ? or * to list all spells.
Flames lash the boulder beetle but do no damage.
The foxfire hits the boulder beetle but does no damage. x2
Unknown command.
Casting: Scorch (safe; 1% risk of failure)
Confirm with . or Enter, or press ? or * to list all spells.
Okay, then.
You hit the boulder beetle.
The boulder beetle is lightly wounded.
The boulder beetle hits you!!!
Ouch! That really hurt!
You die...

.......#........#
##≈≈≈≈...≈≈≈≈...#
#≈##≈≈##≈##≈≈#######
##≈≈##≈≈≈≈≈##≈≈≈≈≈≈≈#####
≈≈≈≈≈##############≈≈≈≈≈#########
######..≈#..≈.#.≈.#####≈≈≈#.....#
#.#.#[#.#..#.#.#.#....###≈≈.....#
.≈.)...#..≈.#.≈.#§.#..):##≈.....'
#.#.#.#..#.#.#.#@B°°.####≈≈.....#
######.#≈.#.≈.#v######≈≈≈≈......#
≈≈≈≈≈############≈≈)))≈####.....'
##≈≈##≈≈≈≈≈≈≈≈##≈≈###### #.....#
#≈##≈≈.#.##≈##≈≈## #.....#
#≈≈≈≈....##≈≈≈≈## #.....#
######.######### ####### #.# #.#


You could see a boulder beetle (rolling, ally target).

Vanquished Creatures
  A two-headed ogre (D:7)
  A gargoyle (D:7)
  Sigmund (D:3)
  Duvessa (D:4)
  A water moccasin (D:4)
  An orc warrior (D:7)
  3 ice beasts
  A black bear (D:4)
  A centaur (D:5)
  6 ogres
  2 phantoms
  A kobold brigand (D:6)
  A bullfrog (D:7)
  A gnoll sergeant (D:5)
  3 necrophages (D:4)
  Dowan (D:4)
  6 killer bees (D:7)
  2 orc priests
  4 hounds
  Crazy Yiuf (D:4)
  Terence (D:3)
  2 iguanas
  Natasha (thrice) (D:4)
  11 orc wizards
  3 adders
  12 gnolls
  A white imp (D:5)
  2 ufetubi
  3 worms
  2 dart slugs
  26 orcs
  3 bats
  8 endoplasms
  2 giant cockroaches
  16 goblins
  5 hobgoblins
  2 quokkas
  12 ball pythons
  7 frilled lizards
  18 kobolds
  6 rats
184 creatures vanquished.

Vanquished Creatures (others)
  632 foxfires
632 creatures vanquished.

Grand Total: 816 creatures vanquished

Notes
Turn   | Place    | Note
-------+----------+-------------------------------------------
     0 | D:1      | funkygono the Gargoyle Fire Elementalist began the quest
                  | for the Orb.
     0 | D:1      | Reached XP level 1. HP: 10/10 MP: 3/3
   257 | D:1      | Reached XP level 2. HP: 15/15 MP: 1/5
   514 | D:1      | Learned a level 2 spell: Scorch
   672 | D:1      | Reached XP level 3. HP: 19/19 MP: 2/6
   678 | D:1      | Learned a level 3 spell: Conjure Flame
  1023 | D:2      | Found a shimmering altar of Xom.
  1391 | D:2      | Reached XP level 4. HP: 24/24 MP: 7/7
  1729 | D:3      | Noticed Terence
  1846 | D:3      | Noticed Sigmund
  1872 | D:3      | Killed Sigmund
  1873 | D:3      | Reached XP level 5. HP: 13/28 MP: 10/10
  1873 | D:3      | Reached XP level 6. HP: 15/32 MP: 11/11
  2066 | D:3      | Found a broken altar of Ashenzari.
  2070 | D:3      | Saw a vision of the Shoals and the Spider Nest.
  2070 | D:3      | Noticed a redback
  2070 | D:3      | Noticed a redback
  2070 | D:3      | Noticed a sea snake
  2070 | D:3      | Noticed a merfolk
  2070 | D:3      | Noticed a merfolk
  2070 | D:3      | Noticed a merfolk
  2070 | D:3      | Noticed a merfolk
  2070 | D:3      | Noticed a merfolk
  2070 | D:3      | Noticed a sea snake
  2071 | D:3      | Noticed a wolf spider
  2071 | D:3      | Noticed a redback
  2071 | D:3      | Noticed a wolf spider
  2071 | D:3      | Noticed a merfolk
  2071 | D:3      | Noticed a merfolk
  2072 | D:3      | Noticed a hornet
  2072 | D:3      | Noticed a redback
  2128 | D:3      | Learned a level 4 spell: Flame Wave
  2431 | D:3      | Killed Terence
  2581 | D:3      | Reached skill level 5 in Fire Magic
  2995 | D:3      | Noticed an ice beast
  3008 | D:3      | Killed an ice beast
  3009 | D:3      | Reached XP level 7. HP: 36/36 MP: 13/13
  3455 | D:4      | Reached skill level 5 in Spellcasting
  3731 | D:4      | Noticed Natasha
  3735 | D:4      | Killed Natasha
  3899 | D:4      | Reached XP level 8. HP: 41/41 MP: 16/16
  3955 | D:4      | Found a staircase to the Ecumenical Temple.
  3975 | Temple   | Entered the Ecumenical Temple
  4229 | D:4      | Noticed Natasha
  4231 | D:4      | Killed Natasha
  4351 | D:4      | Found a snail-covered altar of Cheibriados.
  4458 | D:4      | Noticed Duvessa
  4459 | D:4      | Noticed Dowan
  4466 | D:4      | Killed Duvessa
  4468 | D:4      | Killed Dowan
  4563 | D:4      | Found a shadowy altar of Dithmenos.
  4679 | D:4      | Noticed Natasha
  4716 | D:4      | Killed Natasha
  4889 | D:4      | Reached skill level 5 in Conjurations
  5151 | D:4      | Found a runed translucent door.
  5152 | D:4      | Noticed Crazy Yiuf
  5248 | D:4      | Found a sparkling altar of Nemelex Xobeh.
  5411 | D:4      | Killed Crazy Yiuf
  5505 | D:5      | Entered Level 5 of the Dungeon
  5535 | D:5      | Reached skill level 1 in Fighting
  5575 | D:5      | Reached XP level 9. HP: 21/47 MP: 19/19
  5882 | D:5      | Found a white marble altar of Elyvilon.
  5965 | D:5      | Found Kulom's Weapon Emporium.
  7036 | D:6      | Found a sacrificial altar of Ru.
  7077 | D:6      | Found a glowing golden altar of the Shining One.
  7242 | D:7      | Noticed a two-headed ogre
  7255 | D:7      | Killed a two-headed ogre
  7311 | D:7      | Noticed a gargoyle
  7311 | D:7      | Noticed a boulder beetle
  7337 | D:7      | Killed a gargoyle
  7338 | D:7      | Reached XP level 10. HP: 38/52 MP: 18/22
  7541 | D:7      | Found a shimmering blue altar of Sif Muna.
  7718 | D:7      | Found a hide-covered altar of Uskayaw.
  8222 | D:7      | Slain by a boulder beetle

Illustrated notes

Levels and vault maps discovered:
D:1:      psy_arrival_heroes, layout_rooms, minmay_split_cup_small
D:2:      layout_rooms, basic_altar, minmay_misc_feat_tiny, glass_columns_c
D:3:      layout_loops_ring, grunt_ashenzari_visionary
          [grunt_ashenzari_visionary_shoals, grunt_ashenzari_visionary_spider],
          minmay_ogre_servants, uniq_terence, uniq_sigmund
D:4:      minmay_bubble_buster, layout_loops_ring, nemelex_diamond_rough_becter,
          cheibriados_altar_1, lemuel_crystal_altar, temple_statues,
          uniq_natasha, uniq_duvessa, uniq_crazy_yiuf_cottage
D:5:      layout_basic, lemuel_tele_altar, serial_shops,
          nicolae_shop_temple_entry_statues_fountains
D:6:      nicolae_BIG_FREAKIN_CUBE, layout_cave_pools,
          mainiacjoe_overflow_alcove_1, nicolae_ru_the_path_less_chosen,
          supply_closet_lemuel
D:7:      layout_basic, mainiacjoe_overflow_cross_hatched,
          eat_drink_and_be_merry_uskayaw, minmay_manual_mullet
Temple:   compressed_dpeg_triangle_lava_temple

Skill      XL: |  1  2  3  4  5  6  7  8  9 10 |
---------------+-------------------------------+-----
Conjurations   | 2 3 4 5 6 |  6.7
Fire Magic     | 4 5 6 7 9 |  9.3
Spellcasting   | 3 4 5 6 8 9 |  9.0
Fighting       | 1 |  1.3
Dodging        | 2 |  2.1
Stealth        | |  2.1

Action                   |  1- 3 |  4- 6 |  7- 9 | 10-12 || total
-------------------------+-------+-------+-------+-------++-------
Melee: Whip              |       |     1 |       |       ||     1
       Mace              |       |       |     5 |     2 ||     7
 Cast: Foxfire           |    67 |    74 |   211 |    44 ||   396
       Scorch            |     1 |    21 |    53 |     5 ||    80
       Flame Wave        |       |       |     1 |     3 ||     4
  Use: Scroll            |       |     9 |     7 |       ||    16
       Potion            |       |     5 |       |       ||     5
Armor: Robe              |     1 |     7 |    41 |     5 ||    54
Dodge: Dodged            |     6 |    11 |    60 |     5 ||    82

Table legend: (Time is in decaauts)
 A = Elapsed time spent in this place.
 B = Non-inter-level travel time spent in this place.
 C = Inter-level travel time spent in this place.
 D = Time resting spent in this place.
 E = Time spent auto-exploring this place.
 F = Levels seen in this place.
 G = Mean time per level.
                   A        B        C        D        E       F      G
               +--------+--------+--------+--------+--------+-----+--------+
         Total |   8288 |   8073 |    215 |     29 |   6890 |   8 | 1036.0 |
       Dungeon |   8057 |   7847 |    210 |     29 |   6671 |   7 | 1151.0 |
        Temple |    230 |    226 |      4 |      0 |    219 |   1 |  230.0 |
               +--------+--------+--------+--------+--------+-----+--------+

Top non-repeatable levels by time:
     D:4: 1864 daAuts
     D:3: 1712 daAuts
     D:7: 1137 daAuts
     D:1: 951 daAuts
     D:5: 927 daAuts
     D:2: 744 daAuts
     D:6: 719 daAuts
  Temple: 230 daAuts
